 Dungeon Crawl Stone Soup version 0.15-a0-2036-g5428f20 (webtiles) character file.

2888 Herrn the Shield-Bearer (level 9, -3/55 HPs)
             Began as a Gargoyle Fighter on July 13, 2014.
             Was a Follower of the Shining One.
             Slain by a slime creature (14 damage)
             ... on Level 8 of the Dungeon.
             The game lasted 00:22:51 (7490 turns).

Herrn the Shield-Bearer (Gargoyle Fighter)          Turns: 7490, Time: 00:22:51

HP  -3/55        AC 17     Str 26      XL: 9   Next: 77%
MP  15/15        EV  6     Int  7      God: the Shining One [*.....]
Gold 596         SH 13     Dex 17      Spells:  0 memorised,  8 levels left

rFire  . . .     SeeInvis .     b - +2 war axe (chop)
rCold  . . .     Clarity  +     q - +0 chain mail
rNeg   + . .     rCorr    .     c - +1 shield
rPois  +         rRot     +     (helmet restricted)
rElec  +         Spirit   .     z - +0 cloak
SustAb .         Warding  .     (no gloves)
rMut   .         Stasis   .     (no boots)
Gourm  +                        l - amulet of the gourmand
MR     +....                    w - +5 ring of dexterity
                                t - +3 ring of strength

@: mighty, glowing, somewhat resistant to hostile enchantments, extremely
unstealthy
A: antennae 1, blurry vision 1, clarity, dopey 1, magic resistance 1, negative
energy resistance 1, electricity resistance, weak 1, unbreathing, petrification
resistance, rot immunity, AC +5
a: Renounce Religion


You were on level 8 of the Dungeon.
You worshipped the Shining One.
The Shining One was aware of your devotion.
You were hungry.

You visited 2 branches of the dungeon, and saw 9 of its levels.
You also visited: Ossuary.

You collected 596 gold pieces.

Inventory:

Hand weapons
 a - a +0 war axe
 b - a +2 war axe of chopping (weapon)
 A - a +2 hand axe of freezing
Armour
 c - a +1 shield (worn)
 q - a +0 chain mail (worn)
 z - a +0 cloak (worn)
 L - the +2 pair of boots of Temperance {Dex+2 Int+3, unknown}
   (You found it on level 8 of the Dungeon)

   It affects your intelligence (+3).
   It affects your dexterity (+2).
Magical devices
 h - a wand of magic darts (3)
 y - a wand of slowing (12)
 K - a wand of teleportation (4) {unknown}
Comestibles
 d - 4 bread rations
 f - 5 beef jerkies
 p - 3 slices of pizza
 s - a meat ration
 J - a chunk of orc flesh
Scrolls
 g - 2 scrolls of amnesia {unknown}
 i - 4 scrolls of teleportation
 j - a scroll of enchant armour
 o - a scroll of silence {unknown}
 B - a scroll of enchant weapon {unknown}
 C - a scroll of remove curse
 D - 3 scrolls of identify
 F - a scroll of recharging {unknown}
Jewellery
 k - an uncursed ring of sustain abilities
 l - an amulet of the gourmand (around neck)
 t - a +3 ring of strength (left hand)
 u - an uncursed amulet of resist corrosion
 v - a cursed +3 ring of evasion
 w - a +5 ring of dexterity (right hand)
 G - an uncursed ring of protection from magic
 I - an uncursed ring of positive energy
Potions
 e - a potion of brilliance
 m - a potion of cure mutation
 n - 2 potions of curing
 r - 2 potions of flight
 E - a potion of restore abilities
 H - a potion of heal wounds


   Skills:
 + Level 5.9 Fighting
 * Level 7.0 Axes
 + Level 6.2 Armour
 + Level 3.9 Dodging
 + Level 7.3 Shields
 * Level 3.7 Invocations


You had 8 spell levels left.
You didn't know any spells.

Dungeon Overview and Level Annotations

Branches:
Dungeon (8/15)             Temple (1/1) D:6
   Lair: D:8-11

Altars:
Ashenzari
Cheibriados
Dithmenos
Elyvilon
Fedhas
Gozag
Kikubaaqudgha
Makhleb
Nemelex Xobeh
Okawaru
Qazlal
Sif Muna
Trog
Vehumet
Xom
Yredelemnul
Zin
The Shining One

Shops:
D:3 *


Innate Abilities, Weirdness & Mutations

You are resistant to torment.
You are immune to poison.
Your stone body is very resilient (AC +5).
You resist negative energy.
You are resistant to electric shocks.
You can survive without breathing.
You are immune to petrification.
You are immune to rotting.
You have a pair of small antennae on your head.
Your vision is a little blurry.
You possess an exceptional clarity of mind.
You are dopey. (Int -2)
You are resistant to hostile enchantments.
You are weak. (Str -2)


Message History

The slime creature is severely wounded.
You slash the slime creature!
The slime creature is heavily wounded.
The slime creature hits you but does no damage.
The slime creature hits you. The slime creature hits you!
You are feeling hungry.
You hit the slime creature but do no damage.
The slime creature is heavily wounded.
You slash the slime creature!
The slime creature is almost dead.
You hit the slime creature.
The slime creature is severely wounded.
The slime creature hits you. You block the slime creature's attack.
The slime creature barely misses you.
You feel very mighty all of a sudden. The slime creature hits you!
* * * LOW HITPOINT WARNING * * *
The slime creature hits you but does no damage.
The slime creature hits you!
You die...

##............# #
.......<......# .##
..........###.# .....
..........# #.#####.....
......#######...........
......##..........#.....
.....##..........# . ###
#..........#
.........@J#
.........JJ#
.............
...............
................
....####.....# ... ..$..
.. .... .


You could see 3 slime creatures.

Vanquished Creatures
  2 hungry ghosts (D:7)
  The ghost of Herrn the Skirmisher, an average GrFi (D:4)
  2 orc warriors (D:7)
  2 phantoms
  2 sky beasts
  An ogre (D:4)
  A centaur (D:7)
  Blork the orc (D:5)
  4 giant frogs
  A scorpion (D:5)
  9 wights (D:7)
  3 crimson imps
  Crazy Yiuf (D:3)
  4 orc priests
  A hound (D:7)
  7 orc wizards
  Natasha (thrice) (D:3)
  An iguana (D:7)
  5 worker ants
  An ogre zombie (D:6)
  An ogre skeleton (D:7)
  8 mummies (Ossuary)
  A worker ant zombie (D:7)
  10 adders
  4 gnolls (D:7)
  A shadow imp (D:7)
  A giant mite (D:2)
  3 worms (D:2)
  An adder zombie (D:7)
  An iguana skeleton (D:8)
  5 giant geckos
  An ooze (D:1)
  21 orcs
  17 bats
  6 giant cockroaches
  12 hobgoblins
  6 jackals
  3 quokkas
  A ball python (D:6)
  4 giant newts
  2 gnoll zombies (Ossuary)
  11 goblins
  A goblin skeleton (D:4)
  11 kobolds
  2 kobold zombies (Ossuary)
  2 orc skeletons
  5 orc zombies
  7 rats
  A rat skeleton (D:6)
  A rat zombie (D:5)
202 creatures vanquished.

Notes
Turn   | Place    | Note
--------------------------------------------------------------
     0 | D:1      | Herrn, the Gargoyle Fighter, began the quest for the Orb.
     0 | D:1      | Reached XP level 1. HP: 14/14 MP: 1/1
    21 | D:1      | Found a shadowy altar of Dithmenos.
   117 | D:1      | Reached XP level 2. HP: 16/19 MP: 2/2
   599 | D:1      | Reached XP level 3. HP: 23/23 MP: 3/3
  1283 | D:2      | Reached XP level 4. HP: 25/28 MP: 4/4
  1567 | D:2      | Reached skill level 4 in Shields
  1633 | D:2      | Reached skill level 1 in Dodging
  1858 | D:3      | Found an opulent altar of Gozag.
  1861 | D:3      | Found Gozag's Platinum Reserve.
  2063 | D:3      | Reached XP level 5. HP: 33/33 MP: 5/5
  2165 | D:3      | Noticed Natasha
  2181 | D:3      | Killed Natasha
  2415 | D:3      | Found a snail-covered altar of Cheibriados.
  2525 | D:3      | Noticed Natasha
  2531 | D:3      | Killed Natasha
  2587 | D:3      | Noticed Crazy Yiuf
  2594 | D:3      | Killed Crazy Yiuf
  2680 | D:3      | Noticed Natasha
  2683 | D:3      | Killed Natasha
  2758 | D:3      | Noticed a giant frog
  2764 | D:3      | Killed a giant frog
  2764 | D:3      | Reached XP level 6. HP: 34/38 MP: 6/6
  2903 | D:4      | Found a sand-covered staircase.
  2912 | Ossuary  | Entered an ossuary
  3362 | Ossuary  | Gained mutation: You are dopey. (Int -2) [potion of mutation]
  3362 | Ossuary  | Gained mutation: Your vision is a little blurry. [potion of mutation]
  3362 | Ossuary  | Gained mutation: You are resistant to hostile enchantments. [potion of mutation]
  3363 | Ossuary  | Gained mutation: You possess an exceptional clarity of mind. [potion of mutation]
  3363 | Ossuary  | Gained mutation: You have a pair of small antennae on your head. [potion of mutation]
  3363 | Ossuary  | Gained mutation: You are weak. (Str -2) [potion of mutation]
  3507 | D:4      | Reached XP level 7. HP: 38/44 MP: 7/7
  3720 | D:4      | Reached skill level 5 in Shields
  3944 | D:4      | Noticed Herrn's ghost (average GrFi)
  3964 | D:4      | Killed Herrn's ghost
  4162 | D:5      | Entered Level 5 of the Dungeon
  4162 | D:5      | Noticed Blork the orc
  4173 | D:5      | Killed Blork the orc
  4173 | D:5      | Reached skill level 5 in Axes
  4173 | D:5      | Reached XP level 8. HP: 16/48 MP: 8/8
  4178 | D:5      | Reached skill level 5 in Fighting
  4429 | D:5      | Reached skill level 5 in Armour
  4783 | D:5      | Found a burning altar of Makhleb.
  4784 | D:5      | Noticed a cacodemon
  4785 | D:5      | Found a glowing silver altar of Zin.
  4786 | D:5      | Noticed an angel
  5195 | D:6      | Found a staircase to the Ecumenical Temple.
  5201 | Temple   | Entered the Ecumenical Temple
  5386 | Temple   | Became a worshipper of the Shining One
  5988 | D:7      | Reached skill level 6 in Shields
  5988 | D:7      | Reached skill level 1 in Invocations
  6362 | D:7      | Reached XP level 9. HP: 54/54 MP: 11/11
  6456 | D:7      | Found a basalt altar of Yredelemnul.
  6456 | D:7      | Found a blossoming altar of Fedhas.
  6456 | D:7      | Found a shadowy altar of Dithmenos.
  6499 | D:7      | Acquired the Shining One's first power
  6554 | D:7      | Reached skill level 7 in Shields
  7480 | D:8      | Got a pair of twisted boots
  7490 | D:8      | Slain by a slime creature

Action                   |  1- 3 |  4- 6 |  7- 9 || total
-------------------------+-------+-------+-------++-------
Melee: War axe           |   141 |   212 |   374 ||   727
  Use: Potion            |       |     8 |     7 ||    15
       Scroll            |       |    10 |     1 ||    11
  Eat: Chunk             |     1 |     6 |    14 ||    21
       Pizza             |       |     1 |       ||     1
